 Dungeon Crawl Stone Soup version 0.32-a0-699-g1ee5eff69a (webtiles) character file.

Game seed: 4678417134853100154

3822 Alarak the Geomancer (level 10, -3/64 HPs)
             Began as a Gargoyle Earth Elementalist on Mar 14, 2024.
             Was a Believer of Vehumet.
             Slain by an orc warrior
             ... wielding a +2 mace of holy wrath
              (9 damage)
             ... on level 8 of the Dungeon.
             The game lasted 00:16:55 (7743 turns).

Alarak the Geomancer (Gargoyle Earth Elementalist)  Turns: 7743, Time: 00:16:56

Health: -3/64      AC: 15    Str: 12    XL:     10   Next: 17%
Magic:  17/19      EV: 11    Int: 20    God:    Vehumet [**....]
Gold:   468        SH:  0    Dex: 10    Spells: 10/21 levels left

rFire   . . .        d - staff of cold
rCold   + . .        (no shield)
rNeg    + . .        a - +0 robe
rPois   ∞            v - +1 helmet
rElec   +            t - +0 cloak
rCorr   .            w - +2 pair of gloves
SInv    .            (no boots)
Will    .....        (no amulet)
Stlth   ++           h - +4 ring of slaying
HPRegen 0.30/turn    (no ring)
MPRegen 0.16/turn

%: no passive effects
@: no status effects
A: sickness immunity, AC +7, negative energy resistance 1, electricity
resistance, torment resistance 1, petrification resistance
a: Renounce Religion


You were on level 8 of the Dungeon.
You worshipped Vehumet.
Vehumet was pleased with you.
You visited 2 branches of the dungeon, and saw 9 of its levels.
You also visited: Sewer.

You collected 468 gold pieces.

Inventory:

Hand Weapons
 r - a +2 whip of electrocution
 u - a +0 lajatang
Missiles
 e - 64 stones
 s - 17 poisoned darts
 y - 2 throwing nets
Armour
 a - a +0 robe (worn)
 i - a +0 leather armour
 t - a +0 cloak (worn)
 v - a +1 helmet (worn)
 w - a +2 pair of gloves (worn)
Magical Staves
 d - a staff of cold (weapon)
Jewellery
 h - a +4 ring of slaying (left hand)
Wands
 q - a wand of roots (30)
Scrolls
 k - 3 scrolls of teleportation
 m - a scroll of fear
Potions
 b - a potion of magic
 c - 2 potions of might
 f - 3 potions of curing
 g - a potion of heal wounds
 j - a potion of resistance
 l - a potion of invisibility
 n - 2 potions of brilliance {unknown}
 o - 2 potions of degeneration {unknown}
 p - a potion of ambrosia {unknown}


   Skills:
 + Level 7.6 Fighting
 - Level 1.5 Dodging
 - Level 2.1 Stealth
 - Level 6.0 Spellcasting
 - Level 8.1 Conjurations
 - Level 10.2 Earth Magic


You had 10 spell levels left.
You knew the following spells:

 Your Spells              Type           Power      Damage    Failure   Level
a - Sandblast             Erth           92%        2d19      1%          1
b - Stone Arrow           Conj/Erth      84%        3d12      1%          3
c - Brom's Barrelling Bo  Conj/Erth      42%        2d6       2%          4
d - Passwall              Erth           46%        N/A       1%          3

Your spell library contained the following spells:

 Spells                   Type           Power      Damage    Failure   Level
 Kiss of Death            Conj/Necr      88%        2d12      1%          1
 Hailstorm                Conj/Ice       33%        3d8       6%          3
 Petrify                  Alch/Erth      26%        N/A       13%         4
 Call Canine Familiar     Summ           6%         N/A       30%         3
 Gell's Gravitas          Tloc           6%         N/A       30%         3
 Sigil of Binding         Hex            6%         N/A       30%         3
 Summon Ice Beast         Ice/Summ       9%         N/A       30%         3
 Teleport Other           Tloc           6%         N/A       30%         3
 Dimensional Bullseye     Hex/Tloc       3%         N/A       71%         4
 Permafrost Eruption      Ice/Erth       19%        2x4d6     89%         6
 Dispersal                Tloc           3%         N/A       100%        6
 Sculpt Simulacrum        Ice/Alch       4%         N/A       100%        6


Dungeon Overview and Level Annotations

Branches:
Dungeon (8/15)             Temple (1/1) D:4           Sewer (visited)
   Lair: D:8-11

Altars:
Ashenzari
Cheibriados
Elyvilon
Fedhas
Hepliaklqana
Kikubaaqudgha
Makhleb
Nemelex Xobeh
Okawaru
Qazlal
Sif Muna
Trog
Uskayaw
Vehumet
Wu Jian
Xom
Yredelemnul

Shops:
D:5 =   D:7 *

Annotations:
D:5 2 transporters, Lurud's ghost, journeyman GnCA
D:6 2 transporters


Innate Abilities, Weirdness & Mutations

You are immune to sickness and miasma.
Your stone body is resilient. (AC +7)
You are immune to poison.
You resist negative energy. (rN+)
You are resistant to electric shocks. (rElec)
You are resistant to unholy torment.
You are immune to petrification.


Message History

The wyvern barely misses you. The sun demon hits you!
You are engulfed in flames!
The kobold demonologist hits you but does no damage.
The wyvern bites you.
Casting: Sandblast (safe; 1% risk of failure)
Confirm with . or Enter, or press ? or * to list all spells.
Aiming: Sandblast (safe; 1% risk of failure)
Press: ? - help, Shift-Dir - straight line, f/p - kobold demonologist
Aim: a kobold demonologist, wielding a +0 dagger and wearing a +0 robe (almost dead, 79% to hit)
The blast of sand hits the kobold demonologist!!
You kill the kobold demonologist!
Vehumet accepts your kill.
You feel your power returning.
The white imp disappears in a puff of smoke!
The sun demon disappears in a puff of smoke!
The wyvern misses you.
The wyvern bites you but does no damage.
The orc warrior hits you with a +2 mace of holy wrath.
Casting: Sandblast (safe; 1% risk of failure)
Confirm with . or Enter, or press ? or * to list all spells.
Aiming: Sandblast (safe; 1% risk of failure)
Press: ? - help, Shift-Dir - straight line, f - orc warrior
Aim: an orc warrior, wielding a +2 mace of holy wrath, wearing a +0 chain mail and quivering boomerangs (purple smoke, 83% to hit)
The blast of sand hits the orc warrior.
The orc warrior is moderately wounded.
The wyvern bites you but does no damage. x2
The orc warrior hits you with a +2 mace of holy wrath.
Casting: Sandblast (safe; 1% risk of failure)
Confirm with . or Enter, or press ? or * to list all spells.
Aiming: Sandblast (safe; 1% risk of failure)
Press: ? - help, Shift-Dir - straight line, f/p - orc warrior
Aim: an orc warrior, wielding a +2 mace of holy wrath, wearing a +0 chain mail and quivering boomerangs (moderately wounded, 83% to hit)
The blast of sand hits the orc warrior!!
The orc warrior is almost dead.
The wyvern bites you!
* * * LOW HITPOINT WARNING * * *
The wyvern bites you.
* * * LOW HITPOINT WARNING * * *
The orc warrior hits you with a +2 mace of holy wrath!
You die...

#..###.###
#......#........
#......#.......
#......#......
+......#..... #......#
.))
####+##......###o######
................@.....#
................k.....#
..>...................#
..>......)............#
.......))....#####......
#########'####...+......
#..........#......
#.....##...#......
#.....##...# ..#


You could see an orc warrior and a wyvern.

Vanquished Creatures
  Pikel (D:6)
  A kobold demonologist (D:8)
  Eustachio (D:6)
  Menkaure (D:6)
  A water moccasin (D:7)
  A sky beast (D:7)
  4 ogres
  A centaur (D:7)
  2 lemures (D:6)
  4 phantoms
  2 kobold brigands
  4 scorpions
  A gnoll sergeant (D:7)
  5 wights (D:8)
  A howler monkey (D:7)
  2 bombardier beetles
  7 orc priests
  A gnoll bouda (D:6)
  3 hounds
  A jelly (D:6)
  Natasha (thrice) (D:4)
  5 iguanas
  9 orc wizards
  15 gnolls
  3 river rats
  6 adders
  A shadow imp (D:6)
  2 ufetubi (D:7)
  2 ribbon worms
  29 orcs
  9 ball pythons
  7 bats
  13 endoplasms
  4 giant cockroaches
  4 hobgoblins
  2 quokkas
  7 goblins
  13 kobolds
  8 rats
186 creatures vanquished.

Vanquished Creatures (others)
  A human (D:5)
1 creature vanquished.

Grand Total: 187 creatures vanquished

Notes
Turn   | Place    | Note
-------+----------+-------------------------------------------
     0 | D:1      | Alarak the Gargoyle Earth Elementalist began the quest for
                  | the Orb.
     0 | D:1      | Reached XP level 1. HP: 10/10 MP: 3/3
   222 | D:1      | Found a faded altar of an unknown god.
   230 | D:1      | Reached XP level 2. HP: 15/15 MP: 3/5
  1056 | D:2      | Reached XP level 3. HP: 19/19 MP: 2/7
  1144 | D:2      | Reached skill level 4 in Earth Magic
  1713 | D:2      | Reached XP level 4. HP: 17/24 MP: 4/8
  2071 | D:3      | Found a stormy altar of Qazlal.
  2072 | D:3      | Found an iron altar of Okawaru.
  2075 | D:3      | Reached skill level 5 in Earth Magic
  2227 | D:3      | Found a sparkling altar of Nemelex Xobeh.
  2338 | D:3      | Found a glowing drain.
  2348 | Sewer    | Entered a sewer
  2380 | Sewer    | Reached XP level 5. HP: 28/28 MP: 7/9
  2485 | Sewer    | Reached skill level 6 in Earth Magic
  2518 | Sewer    | Noticed a kobold brigand
  2525 | Sewer    | Killed a kobold brigand
  2910 | D:3      | Reached XP level 6. HP: 30/32 MP: 6/10
  3377 | D:4      | Found a staircase to the Ecumenical Temple.
  3382 | D:4      | Reached skill level 5 in Conjurations
  3386 | Temple   | Entered the Ecumenical Temple
  3463 | Temple   | Learned a level 3 spell: Stone Arrow
  3479 | Temple   | Became a worshipper of Vehumet
  3544 | D:4      | Noticed Natasha
  3549 | D:4      | Killed Natasha
  3549 | D:4      | Noticed Natasha
  3552 | D:4      | Killed Natasha
  3553 | D:4      | Reached XP level 7. HP: 34/36 MP: 5/11
  3640 | D:4      | Noticed Natasha
  3643 | D:4      | Killed Natasha
  3722 | D:4      | Reached skill level 7 in Earth Magic
  3780 | D:4      | Found an ornate altar of the Wu Jian Council.
  4002 | D:5      | Entered Level 5 of the Dungeon
  4350 | D:5      | Found Xitunipp's Jewellery Emporium.
  4488 | D:5      | Reached skill level 5 in Spellcasting
  4488 | D:5      | Reached XP level 8. HP: 41/41 MP: 10/15
  4512 | D:5      | Reached * piety under Vehumet
  4512 | D:5      | Offered knowledge of Shock by Vehumet.
  4673 | D:5      | Found an ancient bone altar of Kikubaaqudgha.
  4770 | D:5      | Identified the +2 dire flail of the Wizarding Spider
                  | {spect, rF+}
  4771 | D:5      | Noticed Lurud's ghost (journeyman GnCA)
  4772 | D:5      | Found a transporter.
  4962 | D:5      | Learned a level 4 spell: Brom's Barrelling Boulder
  4966 | D:5      | Learned a level 3 spell: Passwall
  5167 | D:5      | Found a transporter.
  5221 | D:6      | Noticed Eustachio
  5227 | D:6      | Killed Eustachio
  5277 | D:6      | Reached skill level 8 in Earth Magic
  5389 | D:6      | Noticed Pikel
  5398 | D:6      | Killed Pikel
  5399 | D:6      | Reached skill level 10 in Earth Magic
  5399 | D:6      | Reached XP level 9. HP: 10/45 MP: 9/18
  5523 | D:6      | Noticed Menkaure
  5527 | D:6      | Killed Menkaure
  5647 | D:6      | Found a transporter.
  5717 | D:6      | Found a transporter.
  6586 | D:7      | Reached skill level 1 in Fighting
  6635 | D:7      | Reached ** piety under Vehumet
  6635 | D:7      | Offered knowledge of Kiss of Death by Vehumet.
  6920 | D:7      | Identified the +4 trident "Kanwuhoa" {drain, rElec Str+3}
  7087 | D:7      | Reached skill level 5 in Fighting
  7103 | D:7      | Found Lalevat's General Store.
  7445 | D:7      | Reached XP level 10. HP: 53/60 MP: 15/19
  7552 | D:7      | Found a hide-covered altar of Uskayaw.
  7737 | D:8      | Noticed a kobold demonologist
  7740 | D:8      | Noticed a sun demon
  7741 | D:8      | Killed a kobold demonologist
  7743 | D:8      | Slain by an orc warrior

Illustrated notes

Levels and vault maps discovered:
D:1:      minmay_arrival_three_doors, layout_basic,
          ebering_ecumenical_altar_sacrificial, st_stairs_3
D:2:      wander_river, layout_loops_ring
D:3:      layout_loops_ring, nemelex_spade_bored_becter,
          gammafunk_temple_overflow_pools, cheibrodos_sewer_entry_sluice
D:4:      layout_rooms, lemuel_tele_altar, minmay_temple_entry_proselytizer,
          interstate_on_off, serial_park_tiny_2, uniq_natasha
D:5:      layout_loops_ring, tgw_kikubaaqudgha, serial_shops,
          nicolae_shop_gaudy_bauble, gammafunk_ghost_smash
D:6:      gammafunk_steamed_eel, layout_loops_corners, minmay_strange_pillars,
          hangedman_abyss_or_decor_lesser_grid, nrook_mini_vaults,
          uniq_menkaure, uniq_pikel, uniq_eustachio
D:7:      layout_basic, mainiacjoe_overflow_alcove_2, serial_shops,
          nicolae_shop_tiny_glass
D:8:      layout_gridville, nicolae_gozag_cash_rules_everything_around_me,
          grunt_dithmenos_shadows, lair_entry_dummy, minmay_statues_item,
          uniq_psyche
Temple:   nicolae_temple_ecumenical_triangle

Skill      XL: |  1  2  3  4  5  6  7  8  9 10 |
---------------+-------------------------------+-----
Spellcasting   | 3 5 6 |  6.0
Earth Magic    | 4 5 6 7 10 | 10.2
Conjurations   | 3 5 6 8 |  8.1
Fighting       | 6 7 |  7.6
Dodging        | |  1.5
Stealth        | |  2.1

Action                     |  1- 3 |  4- 6 |  7- 9 | 10-12 || total
---------------------------+-------+-------+-------+-------++-------
  Melee: Unarmed           |     1 |       |       |       ||     1
         Staff             |       |     1 |       |       ||     1
   Cast: Sandblast         |    50 |    83 |   159 |    21 ||   313
         Brom's Barrelling |       |       |     5 |       ||     5
    Use: Scroll            |     1 |       |     9 |     2 ||    12
 Armour: Robe              |    26 |    45 |    76 |    18 ||   165
  Dodge: Dodged            |    22 |    35 |    34 |    13 ||   104

Table legend: (Time is in decaauts)
 A = Elapsed time spent in this place.
 B = Non-inter-level travel time spent in this place.
 C = Inter-level travel time spent in this place.
 D = Time resting spent in this place.
 E = Time spent auto-exploring this place.
 F = Levels seen in this place.
 G = Mean time per level.
                   A        B        C        D        E       F      G
               +--------+--------+--------+--------+--------+-----+--------+
         Total |   8021 |   7669 |    352 |    627 |   5995 |  10 |  802.1 |
       Dungeon |   7285 |   6966 |    319 |    494 |   5605 |   8 |  910.6 |
        Temple |    113 |     80 |     33 |     67 |      0 |   1 |  113.0 |
         Sewer |    622 |    622 |      0 |     66 |    389 |   1 |  622.0 |
               +--------+--------+--------+--------+--------+-----+--------+

Top non-repeatable levels by time:
     D:6: 1391 daAuts
     D:5: 1178 daAuts
     D:7: 1145 daAuts
     D:3: 1095 daAuts
     D:1: 1028 daAuts
     D:2: 759 daAuts
   Sewer: 622 daAuts
     D:4: 601 daAuts
  Temple: 113 daAuts
     D:8: 85 daAuts
